 Dungeon Crawl Stone Soup version 0.25-a0-1119-g28b6fd0c3b (webtiles) character file.

Game seed: 6985552910480869216, levelgen mode: deterministic

459180 sanka the Cryomancer (level 24, -15/188 HPs)
             Began as a Barachi Ice Elementalist on May 16, 2020.
             Was the Champion of Vehumet.
             Killed by the air
             ... invoked by a spriggan air mage
              (18 damage)
             ... on level 5 of the Depths on May 18, 2020.
             The game lasted 03:13:49 (55017 turns).

sanka the Cryomancer (Barachi Ice Elementalist)    Turns: 55017, Time: 03:13:50

Health: -15/188    AC: 20    Str: 12    XL:     24   Next: 13%
Magic:  37/37      EV: 22    Int: 27    God:    Vehumet [******]
Gold:   1693       SH:  0    Dex: 14    Spells: 23/62 levels left

rFire    . . .     SeeInvis +   b - staff of cold
rCold    + . .     Gourm    .   (no shield)
rNeg     . . .     Faith    .   h - +5 robe of Night {Dark MR+ SInv}
rPois    +         Spirit   .   I - +1 hat {Int+3}
rElec    .         Reflect  .   x - +2 cloak
rCorr    .         Harm     .   W - +2 pair of gloves
MR       ++++.     Rnd*Tele +   m - +1 pair of boots of the Endless Expanse {*Corrode rPois MR++ SInv}
Stlth    ++........             J - amulet of regeneration
HPRegen  0.81/turn              B - +4 ring of protection
MPRegen  0.25/turn              i - +4 ring of protection

@: about to teleport, corroded, can't hop, slightly contaminated, slow
A: +LOS, swims, low mp 2, slowness 1, teleportitis 1, strong legs 2
}: 3/15 runes: decaying, serpentine, silver
a: Hop, Renounce Religion


You were on level 5 of the Depths.
You worshipped Vehumet.
Vehumet was exalted by your worship.
You were not hungry.

You visited 8 branches of the dungeon, and saw 41 of its levels.
You visited 2 bazaars.
You also visited: Ossuary.

You collected 4982 gold pieces.
You spent 3289 gold pieces at shops.


Innate Abilities, Weirdness & Mutations

You can be seen from farther away. (+LOS)
You can swim through water.
You cover ground slowly.
You can hop long distances.
Your magical capacity is very low. (-20% MP)
You are occasionally teleported next to monsters.


   Skills:
 - Level 15.0 Fighting
 * Level 19.8(19.9) Polearms
 - Level 0.4(14.5) Staves
 - Level 15.0 Dodging
 - Level 1.7 Stealth
 + Level 19.7 Spellcasting
 - Level 4.0 Conjurations
 - Level 4.0 Hexes
 - Level 4.0 Charms
 - Level 4.0 Summonings
 + Level 24.4 Ice Magic
 - Level 4.0 Air Magic
 - Level 4.0 Evocations


You had 23 spell levels left.
You knew the following spells:

 Your Spells              Type           Power        Failure   Level  Hunger
a - Ozocubu's Armour      Chrm/Ice       ########     0%          3    None
c - Spectral Weapon       Hex/Chrm       #####...     1%          3    None
i - Absolute Zero         Ice            ########..   1%          9    #######
u - Hailstorm             Conj/Ice       ########     1%          4    None
x - Summon Ice Beast      Ice/Summ       ########     1%          4    None
y - Frozen Ramparts       Ice            ######       0%          3    None
z - Ozocubu's Refrigerat  Ice            ########..   0%          6    #......
C - Freezing Cloud        Conj/Ice/Air   #######...   1%          6    #......
X - Freeze                Ice            ####         0%          1    None

Your spell library contained the following spells:

 Spells                   Type           Power        Failure   Level  Hunger
 Chain Lightning          Conj/Air       #####.....   99%         8    ######.
 Tornado                  Air            #####.....   100%        9    #######
 Foxfire                  Conj/Fire      ####         1%          1    None
 Infusion                 Chrm           ####         1%          1    None
 Magic Dart               Conj           ####         1%          1    None
 Sandblast                Erth           ####..       1%          1    None
 Shock                    Conj/Air       ####         1%          1    None
 Call Imp                 Summ           #####...     1%          2    None
 Corpse Rot               Necr/Air       N/A          1%          2    None
 Poisonous Vapours        Pois/Air       #####.       1%          2    None
 Shroud of Golubria       Chrm/Tloc      #####.       1%          2    None
 Slow                     Hex            #####...     1%          2    None
 Song of Slaying          Chrm           #####...     1%          2    None
 Confusing Touch          Hex            #####...     1%          3    None
 Conjure Flame            Conj/Fire      #####...     1%          3    None
 Dazzling Flash           Conj/Hex       #####.       1%          3    None
 Ignite Poison            Fire/Tmut/Pois ####....     1%          3    None
 Inner Flame              Hex/Fire       #####...     1%          3    None
 Mephitic Cloud           Conj/Pois/Air  #####...     1%          3    None
 Portal Projectile        Hex/Tloc       #####.       1%          3    None
 Recall                   Summ/Tloc      N/A          1%          3    None
 Stone Arrow              Conj/Erth      #####.       1%          3    None
 Iskenderun's Mystic Bla  Conj/Tloc      #####...     1%          4    None
 Sticky Flame             Conj/Fire      #####...     1%          4    None
 Metabolic Englaciation   Hex/Ice        ########..   1%          5    None
 Simulacrum               Ice/Necr       #######...   1%          6    #......
 Blink                    Tloc           N/A          2%          2    None
 Passwall                 Tmut/Erth      ####....     2%          2    None
 Sublimation of Blood     Necr           ####......   2%          2    None
 Cause Fear               Hex            #####.....   3%          4    None
 Gell's Gravitas          Tloc           ####......   4%          3    None
 Fireball                 Conj/Fire      #####.....   5%          5    None
 Irradiate                Conj/Tmut      #####.....   5%          5    None
 Yara's Violent Unravell  Hex/Tmut       #####.....   5%          5    None
 Bolt of Magma            Conj/Fire/Erth ####......   7%          5    None
 Aura of Abjuration       Summ           #####.....   9%          5    None
 Silence                  Hex/Air        #####.....   9%          5    None
 Summon Demon             Summ           #####.....   9%          5    None
 Summon Mana Viper        Hex/Summ       #####...     9%          5    None
 Lee's Rapid Deconstruct  Erth           ####......   12%         5    None
 Animate Dead             Necr           N/A          16%         4    None
 Dispel Undead            Necr           ####....     16%         4    None
 Petrify                  Tmut/Erth      ####....     16%         4    None
 Excruciating Wounds      Chrm/Necr      #####.....   19%         5    None
 Summon Forest            Summ/Tloc      #####.....   19%         5    None
 Agony                    Necr           ####....     41%         5    None
 Alistair's Intoxication  Tmut/Pois      ####....     41%         5    None
 Borgnjor's Vile Clutch   Necr/Erth      ####......   41%         5    None
 Invisibility             Hex            #####...     43%         6    #......
 Shadow Creatures         Summ           N/A          43%         6    #......
 Spellforged Servitor     Conj/Summ      #####.....   52%         7    ####...
 Death Channel            Necr           ####......   94%         6    #......
 Dispersal                Tloc           ####......   94%         6    #......
 Eringya's Noxious Bog    Tmut/Pois      ####......   94%         6    #......
 Hydra Form               Tmut           ####......   94%         6    #......
 Summon Hydra             Summ           #####.....   95%         7    ####...
 Ring of Flames           Chrm/Fire      #####.....   99%         7    ####...
 Controlled Blink         Tloc           N/A          100%        8    ######.
 Discord                  Hex            #####.....   100%        8    ######.
 Disjunction              Tloc           ####......   100%        8    ######.

Inventory:

Hand Weapons
 a - the +11 glaive of Abomination {vorpal, Str+3 SInv}

   It inflicts extra damage upon your enemies.
   It affects your strength (+3).
   It lets you see invisible.
Armour
 h - the +5 robe of Night (worn) {Dark MR+ SInv}

   It affects your resistance to hostile enchantments.
   It lets you see invisible.
 m - the +1 pair of boots of the Endless Expanse (worn) {*Corrode rPois MR++ SInv}

   It protects you from poison.
   It affects your resistance to hostile enchantments.
   It lets you see invisible.
   It may corrode you when you take damage.
 x - a +2 cloak (worn)
 I - a +1 hat of intelligence (worn)
 W - a +2 pair of gloves (worn)
Magical Staves
 b - an uncursed staff of cold (weapon)
Jewellery
 i - a +4 ring of protection (right hand)
 j - an uncursed ring of ice
 B - a +4 ring of protection (left hand)
 E - an uncursed ring of fire
 G - an uncursed ring of wizardry
 H - an uncursed ring of protection from magic
 J - an amulet of regeneration (around neck)
 O - an uncursed ring of flight
Wands
 k - a wand of enslavement (20)
 p - a wand of paralysis (16)
 v - a wand of iceblast (25)
 z - a wand of acid (51)
 F - a wand of clouds (12)
 S - a wand of digging (13)
 T - a wand of disintegration (18)
 V - a wand of polymorph (43)
Scrolls
 e - a scroll of acquirement
 l - 6 scrolls of magic mapping
 n - 20 scrolls of remove curse
 q - 13 scrolls of teleportation {@r4}
 r - 7 scrolls of fog
 t - 5 scrolls of blinking
 u - 6 scrolls of immolation {!r}
 M - a scroll of enchant weapon
 N - 10 scrolls of identify {@r1}
 U - 7 scrolls of fear
 X - a scroll of silence {!r}
Potions
 f - 10 potions of haste {@q3}
 g - 21 potions of curing {@q1}
 o - 3 potions of flight
 s - 11 potions of brilliance
 w - 8 potions of heal wounds {@q2}
 y - 3 potions of invisibility
 A - 3 potions of berserk rage {!q}
 C - 6 potions of lignification {!q}
 D - 4 potions of magic
 K - 3 potions of ambrosia
 L - 3 potions of might
 P - 2 potions of resistance
 Y - 2 potions of cancellation
Miscellaneous
 Q - a tin of tremorstones (3/3)
 Z - a phial of floods
Comestibles
 c - 44 rations
 d - 6 chunks of flesh

Dungeon Overview and Level Annotations

Branches:
Dungeon (15/15)            Temple (1/1) D:4            Lair (6/6) D:9
  Swamp (4/4) Lair:3        Snake (4/4) Lair:2        Slime (0/5) Lair:5
    Orc (2/2) D:10            Elf (0/3) Orc:2        Vaults (5/5) D:14
  Crypt (0/3) Vaults:2     Depths (5/5) D:15        Ossuary (visited)
    Zot: Depths:5

Altars:
Ashenzari
Cheibriados
Dithmenos
Elyvilon
Fedhas
Gozag
Hepliaklqana
Kikubaaqudgha
Makhleb
Nemelex Xobeh
Okawaru
Qazlal
Ru
Sif Muna
Trog
Uskayaw
Vehumet
Wu Jian
Xom
Yredelemnul
Zin
The Shining One
Jiyva

Shops:
Orc:2 %*!}   Vaults:1 }   Vaults:3 =   Vaults:5 %

Portals:
Hell: Depths:1 Depths:4
Trove: D:12 (give 2 scrolls of acquirement)

Annotations:
D:5 exclusion: 2 doors

. ▒......e.
..▒...G...▒ ▒▒
▒....[...▒▒..▒
.▒...% ▒u.....▒▒
▒.....▒▒Z☼Ve..?▒
▒...p..%▒▒Bi..%▒
.▒......▒▒....▒▒
▒..▒▒...£....▒
..▒ ▒....F..▒▒ .
.........▒
▒......▒▒▒
▒▒▒))▒▒▒ ▒▒▒


You could see an entropy weaver, a hell knight, a jiangshi, a deep elf sorcerer
(fast) and a spriggan air mage (repels missiles).


Message History

The deep elf high priest shouts!
The jiangshi completely misses you. The jiangshi closely misses you.
The white ugly thing bites you.
* * * LOW HITPOINT WARNING * * *
The white ugly thing freezes you!!
* * * LOW HITPOINT WARNING * * *
The juggernaut zombie hits you!!!
* * * LOW HITPOINT WARNING * * *
The juggernaut zombie hits you but does no damage.
The entropy weaver casts a spell.
The entropic weave corrodes you!
A hell knight comes into view. It is wielding a +5 halberd of flaming.
Unknown command.
Your spectral weapon disappears as you unwield.
b - an uncursed staff of cold (weapon)
The white ugly thing misses you.
The entropy weaver hits you but does no damage.
The entropy weaver closely misses you. The entropy weaver hits you!
* * * LOW HITPOINT WARNING * * *
The entropy weaver hits you but does no damage.
Use which ability? (? or * to list) Hop to where?
Boing!
The deep elf sorcerer gestures wildly while chanting.
The deep elf sorcerer seems to speed up.
The spriggan air mage waves its arms in wide circles.
The air twists around and strikes you!!
You die...

Action                   |  1- 3 |  4- 6 |  7- 9 | 10-12 | 13-15 | 16-18 | 19-21 | 22-24 || total
-------------------------+-------+-------+-------+-------+-------+-------+-------+-------++-------
Melee: Hand axe          |    27 |     3 |    53 |     1 |       |       |       |       ||    84
       Hunting sling     |       |       |     1 |       |       |       |       |       ||     1
       Dagger            |       |       |       |    19 |       |       |       |       ||    19
       Battleaxe         |       |       |       |    75 |       |       |       |       ||    75
       Glaive            |       |       |       |    88 |   337 |   884 |   596 |   297 ||  2202
       Staff             |       |       |       |       |       |    21 |    25 |     3 ||    49
 Fire: Hunting sling     |       |    64 |   213 |   348 |       |       |       |       ||   625
Throw: Boomerang         |     1 |       |       |     2 |       |       |       |       ||     3
 Cast: Freeze            |    52 |    40 |   115 |   209 |   203 |    18 |       |       ||   637
       Frozen Ramparts   |       |     6 |    22 |    59 |    60 |     4 |       |       ||   151
       Ozocubu's Armour  |       |       |    11 |    46 |    48 |    51 |    39 |    19 ||   214
       Summon Ice Beast  |       |       |     6 |    19 |    26 |     7 |       |       ||    58
       Hailstorm         |       |       |       |       |     4 |       |       |       ||     4
       Spectral Weapon   |       |       |       |       |     9 |     9 |    23 |    27 ||    68
       Ozocubu's Refrige |       |       |       |       |       |   134 |   142 |   163 ||   439
       Freezing Cloud    |       |       |       |       |       |     1 |       |       ||     1
       Absolute Zero     |       |       |       |       |       |       |     3 |     7 ||    10
 Abil: Hop               |     1 |       |       |       |       |     1 |     1 |     2 ||     5
Evoke: Wand              |       |     3 |     4 |    13 |     7 |     1 |     2 |     3 ||    33
  Use: Scroll            |       |       |    11 |     4 |    10 |    11 |     2 |     6 ||    44
       Potion            |       |       |     2 |       |     1 |     1 |       |     6 ||    10
 Stab: Sleeping          |     2 |       |       |     1 |       |    13 |     3 |       ||    19
       Distracted        |       |       |       |     1 |       |     1 |     4 |     6 ||    12
  Eat: Chunk             |     4 |     8 |    17 |    24 |    30 |    56 |    55 |    29 ||   223
       Ration            |       |       |     1 |     2 |     1 |    10 |     2 |     2 ||    18
Armor: Robe              |    14 |     3 |       |       |       |   128 |       |    27 ||   172
       Leather armour    |       |    13 |    44 |   185 |   227 |       |       |       ||   469
       Steam dragon scal |       |       |       |       |       |   234 |   201 |   108 ||   543
Dodge: Dodged            |    45 |    33 |   125 |   458 |   642 |   919 |   409 |   221 ||  2852

Levels and vault maps discovered:
D:1:      dpeg_arrival_pits, layout_basic, minmay_bisected
D:2:      layout_basic, tso_oasis_becter, overflow_temple_1_default
D:3:      layout_basic, solitary_fountain, uniq_grinder, uniq_terence, uniq_ijyb
D:4:      layout_loops_ring, minmay_temple_entry_crystal_x, first_ration,
          xom_teletrap_fun
D:5:      layout_basic, enter_ossuary_2
D:6:      layout_loops_ring, uniq_prince_ribbit1
D:7:      layout_loops_ring, uniq_menkaure, uniq_duvessa
D:8:      layout_rooms, led_sif_pool, lemuel_crystal_altar, lemuel_statue_altar,
          uniq_pikel
D:9:      layout_basic, minmay_overflow_temple_star_quad, lair_entry_dummy,
          basic_altar, uniq_psyche, uniq_maurice, uniq_harold
D:10:     layout_basic, erik_orc_4, special_room [special_room_orc],
          uniq_gastronok
D:11:     layout_long_grid
D:12:     layout_loops_ring, enter_trove_2, uniq_sonja
D:13:     layout_cave_pools
D:14:     layout_roguey, lightli_vaults_fourway_checkpoint, ebering_ghost_gozag,
          serial_park_square3 [serial_park_minivault_5x5_3], blue_anna_alchemist
          [blue_anna_fruit_fields, blue_anna_fruit_fields],
          kennysheep_opposing_triangles, uniq_azrael, uniq_louise, uniq_jorgrun,
          uniq_frances
D:15:     grunt_enter_depths_magical_seal, layout_basic, lemuel_crystal_altar,
          serial_shops, bzr_in_the_mist, uniq_agnes
Temple:   regret_index_temple_generic_petals
Lair:1:   layout_concentric_octagons, grunt_megastairs_1,
          infiniplex_staircase_pool_2, serial_bayou_shore_b,
          serial_bayou_shore_b
Lair:2:   layout_hall_layers, dummy_snake_entry, basic_altar,
          infiniplex_staircase_pool, serial_bayou_shore_b, serial_bayou_shore_a,
          lemuel_fruit_fields, grunt_megastairs_2, lemuel_fruit_tree
Lair:3:   layout_chaotic_city, skrybe_swamp_entry_bodies, uniq_rupert
Lair:4:   layout_regular_city, grunt_megastairs_3, serial_bayou_shore_b
Lair:5:   layout_loops_ring, slime_altar_1, lemuel_fruit_fields, uniq_nessos
Lair:6:   gammafunk_lair_ancient_temple, layout_regular_city,
          minmay_stone_trees_small
Swamp:1:  layout_falls_marsh, evilmike_swamp_ruin_house_4, uniq_kirke
Swamp:2:  layout_basic_swamp, evilmike_swamp_ruin_rubble_2
Swamp:3:  layout_basic_swamp, evilmike_swamp_ruin_house_5
Swamp:4:  swamp_fiery, layout_basic_swamp, swamp_pool4
Snake:1:  layout_basic, hangedman_snake_corridor_cut
Snake:2:  layout_chambers, basic_altar, eino_curves_03
Snake:3:  layout_onion_interference, serial_shops, bzr_entry_safe
Snake:4:  snake_pit_salamanders_mu, layout_cave_town, basic_altar, uniq_aizul,
          uniq_donald
Orc:1:    layout_diamond_mine, roderic_batcave
Orc:2:    grunt_orc_tribal_feast, layout_diamond_mine, nicolae_orc_tapped_out,
          uniq_josephine
Vaults:1: v_pattern_1, grunt_vaults_trifunnel, v_misc_16, v_misc_26, v_misc_1,
          vaults_standard_mumra_x, v_misc_12, nicolae_vaults_little_ls,
          hangedman_vaults_impose, layout_vaults_ring, serial_shops, shop
Vaults:2: minmay_crypt_entry_necro_gods, nicolae_vaults_three_branches,
          vaults_room_octagon, nicolae_vaults_asterisk, nicolae_vaults_alarming,
          hangedman_vaults_capsules, vaults_standard_mumra_enter_the_diamond,
          st_cells, vaults_dpeg_encased_lava, grunt_vaults_funnel,
          vaults_room_semicircle, layout_vaults_omnicross, uniq_boris, uniq_mara
Vaults:3: ontoclasm_vaults_tryst, hangedman_vaults_nodes,
          ontoclasm_vaults_twist, hangedman_vaults_trim, v_misc_30, v_misc_2,
          v_misc_16, nicolae_vaults_holding_cells, v_rooms_4,
          hangedman_vaults_nails, layout_vaults_quadrants, serial_glass,
          serial_shops, shop_statue
Vaults:4: v_misc_8, hangedman_vaults_corner_blocks,
          vaults_mumra_minichess_inversion, hangedman_vaults_slice,
          hangedman_vaults_river_flow, st_spiral_rooms, v_alt_pattern_2,
          layout_vaults_chaotic_city
Vaults:5: serial_shops
Depths:1: layout_long_grid, hell_entry, nrook_mini_vaults,
          grunt_decor_one_mirror, grunt_ministairs_2, kennysheep_generic_room_4,
          uniq_enchantress
Depths:2: minmay_stepped, layout_cave_shapes, grunt_pan_entry_sceptre,
          hell_entry, minmay_misc_feat_encased, minmay_misc_feat_enclosed,
          infiniplex_staircase_pillars_3a, uniq_sojobo, uniq_bai_suzhen
Depths:4: minmay_the_grid_square_5x5_5x5_mashed
          [minmay_the_grid_square_5x5_three_small,
          minmay_the_grid_square_5x5_bridge,
          minmay_the_grid_square_5x5_pentomino_r,
          minmay_the_grid_square_5x5_two_walls_a,
          minmay_the_grid_square_5x5_sharp_hourglass,
          minmay_the_grid_square_5x5_bite,
          minmay_the_grid_square_5x5_prize_itemx,
          minmay_the_grid_square_5x5_checkered_statues,
          minmay_the_grid_square_5x5_prize_open,
          minmay_the_grid_square_5x5_detours, minmay_the_grid_square_5x5_six,
          minmay_the_grid_square_5x5_tri_point,
          minmay_the_grid_square_5x5_prize_gold,
          minmay_the_grid_square_5x5_seven,
          minmay_the_grid_square_5x5_tetrominoes,
          minmay_the_grid_square_5x5_half_checkered,
          minmay_the_grid_square_5x5_prize_waves,
          minmay_the_grid_square_5x5_three_walls,
          minmay_the_grid_square_5x5_prize_monsterx,
          minmay_the_grid_square_5x5_minibox,
          minmay_the_grid_square_5x5_beaten_path,
          minmay_the_grid_square_5x5_moneybag,
          minmay_the_grid_square_5x5_broken_cross,
          minmay_the_grid_square_5x5_spiral_small,
          minmay_the_grid_square_5x5_checkered_sparse], layout_gridlike,
          nrook_campfire, hell_entry, abyss_entry_small_statue_room
Depths:5: hangedman_pleasuredromes, serial_shops, hell_entry

Notes
Turn   | Place    | Note
-------+----------+-------------------------------------------
     0 | D:1      | sanka the Barachi Ice Elementalist began the quest for the
                  | Orb.
     0 | D:1      | Reached XP level 1. HP: 13/13 MP: 3/3
    92 | D:1      | Reached skill level 5 in Ice Magic
   102 | D:1      | HP: 1/13 [hobgoblin/+0 club (6)]
   490 | D:1      | Reached XP level 2. HP: 19/19 MP: 1/5
   964 | D:1      | Reached XP level 3. HP: 24/24 MP: 4/7
   965 | D:1      | Reached skill level 3 in Spellcasting
   995 | D:1      | Learned a level 3 spell: Frozen Ramparts
   999 | D:1      | Learned a level 3 spell: Ozocubu's Armour
  1971 | D:2      | Reached XP level 4. HP: 29/30 MP: 3/8
  2098 | D:2      | Found a hide-covered altar of Uskayaw.
  2130 | D:2      | Reached skill level 6 in Ice Magic
  2559 | D:2      | Found a glowing golden altar of the Shining One.
  2627 | D:3      | Noticed Ijyb
  2638 | D:3      | Killed Ijyb
  2826 | D:3      | Noticed Grinder
  3237 | D:3      | Reached XP level 5. HP: 35/35 MP: 7/10
  3501 | D:3      | Killed Grinder
  3501 | D:3      | Reached skill level 4 in Spellcasting
  3501 | D:3      | Reached skill level 7 in Ice Magic
  3501 | D:3      | Reached skill level 1 in Evocations
  3501 | D:3      | Reached XP level 6. HP: 19/41 MP: 7/12
  3507 | D:3      | Learned a level 4 spell: Summon Ice Beast
  3809 | D:3      | Noticed Terence
  3812 | D:3      | Killed Terence
  3812 | D:3      | Reached skill level 8 in Ice Magic
  3943 | D:4      | Reached skill level 1 in Summonings
  4129 | D:4      | Found a staircase to the Ecumenical Temple.
  4139 | Temple   | Entered the Ecumenical Temple
  4353 | Temple   | Became a worshipper of Vehumet
  4414 | D:4      | Reached skill level 2 in Summonings
  4463 | D:4      | Reached XP level 7. HP: 38/46 MP: 9/13
  4624 | D:4      | Found a shimmering altar of Xom.
  4795 | D:4      | Reached skill level 3 in Summonings
  5640 | D:5      | Entered Level 5 of the Dungeon
  5692 | D:5      | Reached skill level 2 in Evocations
  5784 | D:5      | Reached skill level 4 in Summonings
  5784 | D:5      | Reached skill level 9 in Ice Magic
  5814 | D:5      | Reached * piety under Vehumet
  5814 | D:5      | Offered knowledge of Magic Dart by Vehumet.
  5997 | D:5      | Reached skill level 3 in Evocations
  5997 | D:5      | Reached XP level 8. HP: 52/52 MP: 7/14
  6171 | D:5      | Found a sand-covered staircase.
  6176 | Ossuary  | Entered an ossuary
  6312 | Ossuary  | Reached skill level 4 in Evocations
  6880 | D:5      | Reached skill level 10 in Ice Magic
  7414 | D:6      | Reached skill level 1 in Fighting
  7516 | D:6      | Reached skill level 2 in Fighting
  7516 | D:6      | Reached skill level 3 in Dodging
  7690 | D:6      | Got a pair of polished gloves
  7696 | D:6      | Identified the cursed +0 pair of gloves "Sourheej" {rF+}
                  | (You found it on level 6 of the Dungeon)
  7845 | D:6      | Reached ** piety under Vehumet
  7859 | D:6      | Offered knowledge of Searing Ray by Vehumet.
  7859 | D:6      | Reached skill level 3 in Fighting
  7859 | D:6      | Reached XP level 9. HP: 55/63 MP: 13/16
  7980 | D:6      | Reached skill level 5 in Spellcasting
  8018 | D:6      | Noticed Prince Ribbit
  8027 | D:6      | Killed Prince Ribbit
  8027 | D:6      | Reached skill level 4 in Dodging
  8313 | D:7      | Reached skill level 4 in Fighting
  8313 | D:7      | Noticed Dowan
  8321 | D:7      | Killed Dowan
  8463 | D:7      | Offered knowledge of Mephitic Cloud by Vehumet.
  8528 | D:7      | Noticed Menkaure
  8533 | D:7      | Killed Menkaure
  8533 | D:7      | Reached skill level 11 in Ice Magic
  8611 | D:7      | Reached skill level 5 in Dodging
  9091 | D:7      | Noticed Duvessa
  9101 | D:7      | Killed Duvessa
  9276 | D:8      | Reached skill level 5 in Fighting
  9277 | D:8      | Reached skill level 6 in Spellcasting
  9277 | D:8      | Reached *** piety under Vehumet
  9304 | D:8      | Reached XP level 10. HP: 75/75 MP: 9/19
  9382 | D:8      | Noticed Pikel
  9390 | D:8      | Killed Pikel
  9390 | D:8      | Reached skill level 6 in Fighting
  9390 | D:8      | Reached skill level 6 in Dodging
  9497 | D:8      | Learned a level 4 spell: Hailstorm
  9545 | D:8      | Found a shimmering altar of Xom.
  9635 | D:8      | Found a hazy altar of Hepliaklqana.
  9821 | D:8      | Found a shimmering blue altar of Sif Muna.
  9944 | D:9      | Reached skill level 7 in Spellcasting
  9949 | D:9      | Offered knowledge of Iskenderun's Mystic Blast by Vehumet.
  9949 | D:9      | Reached skill level 12 in Ice Magic
 10017 | D:9      | Found a staircase to the Lair.
 10073 | D:9      | Reached skill level 7 in Fighting
 10095 | D:9      | Reached skill level 7 in Dodging
 10403 | D:9      | Noticed Psyche
 10419 | D:9      | Killed Psyche
 10495 | D:9      | Found a basalt altar of Yredelemnul.
 10611 | D:9      | Noticed Harold
 10619 | D:9      | Noticed Maurice
 10624 | D:9      | Killed Harold
 10624 | D:9      | Reached **** piety under Vehumet
 10624 | D:9      | Reached skill level 8 in Fighting
 10624 | D:9      | Reached XP level 11. HP: 64/86 MP: 12/22
 10644 | D:9      | Killed Maurice
 10644 | D:9      | Reached skill level 8 in Spellcasting
 10923 | D:9      | Found a sparkling altar of Nemelex Xobeh.
 10923 | D:9      | Found a white marble altar of Elyvilon.
 10928 | D:9      | Found a sacrificial altar of Ru.
 11176 | D:10     | Entered Level 10 of the Dungeon
 11218 | D:10     | Reached skill level 8 in Dodging
 11250 | D:10     | Offered knowledge of Fulminant Prism by Vehumet.
 11606 | D:10     | Noticed Gastronok
 11654 | D:10     | Killed Gastronok
 11654 | D:10     | Reached skill level 9 in Fighting
 11654 | D:10     | Reached skill level 13 in Ice Magic
 12005 | D:10     | Reached ***** piety under Vehumet
 12005 | D:10     | Offered knowledge of Lee's Rapid Deconstruction by Vehumet.
 12038 | D:10     | Found a staircase to the Orcish Mines.
 12457 | D:10     | Reached skill level 9 in Spellcasting
 12467 | D:10     | Reached skill level 9 in Dodging
 12884 | Orc:1    | Entered Level 1 of the Orcish Mines
 13100 | D:11     | Reached XP level 12. HP: 97/97 MP: 14/25
 13252 | D:11     | Reached skill level 10 in Fighting
 13623 | D:11     | Offered knowledge of Bolt of Magma by Vehumet.
 13746 | D:11     | Got a bloodstained glaive
 13747 | D:11     | Identified the +11 glaive of Abomination {vorpal, Str+3
                  | SInv} (You found it on level 11 of the Dungeon)
 14275 | D:11     | Reached skill level 10 in Dodging
 14275 | D:11     | Reached skill level 14 in Ice Magic
 14692 | Lair:1   | Entered Level 1 of the Lair of Beasts
 14995 | Lair:1   | Reached skill level 11 in Fighting
 15823 | Lair:1   | Learned a level 3 spell: Spectral Weapon
 15896 | Lair:1   | Reached skill level 11 in Dodging
 16085 | Lair:1   | Offered knowledge of Iskenderun's Battlesphere by Vehumet.
 16306 | Lair:2   | Reached skill level 1 in Polearms
 16515 | Lair:2   | Reached skill level 2 in Polearms
 16587 | Lair:2   | Reached skill level 12 in Fighting
 16637 | Lair:2   | Noticed a six-headed hydra
 16656 | Lair:2   | Killed a six-headed hydra
 16656 | Lair:2   | Reached skill level 1 in Hexes
 16656 | Lair:2   | Reached skill level 1 in Charms
 16814 | Lair:2   | Found a blossoming altar of Fedhas.
 16819 | Lair:2   | Found a staircase to the Snake Pit.
 16949 | Lair:2   | Gained mutation: You can hop long distances. [Barachi
                  | growth]
 16949 | Lair:2   | Reached XP level 13. HP: 106/108 MP: 22/26
 16978 | Lair:2   | Reached skill level 3 in Polearms
 16993 | Lair:2   | Reached skill level 2 in Hexes
 16993 | Lair:2   | Reached skill level 2 in Charms
 17618 | Lair:3   | Noticed Rupert
 17624 | Lair:3   | Paralysed by Rupert for 3 turns
 17633 | Lair:3   | Killed Rupert
 17633 | Lair:3   | Reached skill level 3 in Hexes
 17633 | Lair:3   | Reached skill level 3 in Charms
 17770 | Lair:3   | Identified a potion of resistance
 17787 | Lair:3   | Reached skill level 4 in Polearms
 18165 | Lair:3   | Found a staircase to the Swamp.
 18436 | Lair:3   | Reached skill level 4 in Hexes
 18436 | Lair:3   | Reached skill level 4 in Charms
 18841 | Lair:3   | Got a warped mace
 18842 | Lair:3   | Identified the +7 mace of the Undead {freeze, rElec} (You
                  | found it on level 3 of the Lair of Beasts)
 18864 | Lair:4   | Reached skill level 12 in Dodging
 19425 | Lair:4   | Reached skill level 5 in Polearms
 19546 | Lair:4   | Offered knowledge of Starburst by Vehumet.
 20125 | Lair:5   | Reached skill level 13 in Fighting
 20579 | Lair:5   | Found a staircase to the Slime Pits.
 20590 | Lair:5   | Found a viscous altar of Jiyva.
 21094 | Lair:5   | Noticed Nessos
 21098 | Lair:5   | Noticed Nessos
 21098 | Lair:5   | Nessos changed into Nessos the swamp dragon
 21120 | Lair:5   | Killed Nessos the swamp dragon
 21564 | Lair:6   | Entered Level 6 of the Lair of Beasts
 21577 | Lair:6   | Reached skill level 6 in Polearms
 21768 | Lair:6   | Reached XP level 14. HP: 118/118 MP: 19/27
 22122 | Lair:6   | Reached skill level 13 in Dodging
 22277 | Lair:6   | Reached skill level 7 in Polearms
 22385 | Lair:6   | Reached skill level 14 in Fighting
 23183 | Lair:6   | Reached skill level 8 in Polearms
 23800 | Orc:2    | Entered Level 2 of the Orcish Mines
 23802 | Orc:2    | Found a staircase to the Elven Halls.
 23933 | Orc:2    | Reached ****** piety under Vehumet
 24131 | Orc:2    | Offered knowledge of Orb of Destruction by Vehumet.
 24162 | Orc:2    | Noticed Josephine
 24518 | Orc:2    | Killed Josephine
 25210 | Orc:2    | Reached skill level 14 in Dodging
 25215 | Orc:2    | Reached skill level 15 in Fighting
 25224 | Orc:2    | Reached skill level 9 in Polearms
 25462 | Orc:2    | Found Ymmul's Gadget Emporium.
 25462 | Orc:2    | Found Duhopaaq's Distillery.
 25464 | Orc:2    | Found Ammagg's General Store.
 25464 | Orc:2    | Found Plog's Food Boutique.
 25708 | Orc:1    | Reached XP level 15. HP: 129/129 MP: 28/28
 25726 | Orc:1    | Identified a +2 robe of resistance
 25730 | Orc:1    | Offered knowledge of Ozocubu's Refrigeration by Vehumet.
 26095 | Orc:2    | Bought 2 scrolls of summoning for 209 gold pieces
 26098 | Orc:2    | Bought a potion of experience for 600 gold pieces
 26098 | Orc:2    | Reached skill level 10 in Polearms
 26098 | Orc:2    | Reached XP level 16. HP: 136/136 MP: 29/29
 26106 | Orc:2    | Learned a level 6 spell: Ozocubu's Refrigeration
 26179 | Orc:1    | Reached skill level 11 in Polearms
 26535 | D:12     | Identified the Disquisition on Conjuration and Orientation
 26603 | D:12     | Identified +0 steam dragon scales
 26761 | D:12     | Noticed Sonja
 26762 | D:12     | Noticed Sonja
 26762 | D:12     | Sonja changed into Sonja the blink frog
 26785 | D:12     | Killed Sonja the blink frog
 26805 | D:12     | Found a portal to a secret trove of treasure.
 27502 | D:13     | Upgraded the game from 0.25-a0-1113-g0499d652a8 to
                  | 0.25-a0-1119-g28b6fd0c3b
 28318 | D:13     | Reached skill level 15 in Dodging
 28636 | D:14     | Noticed Louise
 28647 | D:14     | Killed Louise
 28647 | D:14     | Reached skill level 12 in Polearms
 28748 | D:14     | Noticed Azrael
 28753 | D:14     | Offered knowledge of Freezing Cloud by Vehumet.
 28754 | D:14     | Killed Azrael
 28759 | D:14     | Found a gate to the Vaults.
 28802 | D:14     | Learned a level 6 spell: Freezing Cloud
 29028 | D:14     | Noticed Jorgrun
 29039 | D:14     | Killed Jorgrun
 29039 | D:14     | Reached skill level 13 in Polearms
 29039 | D:14     | Reached skill level 1 in Conjurations
 29039 | D:14     | Reached skill level 1 in Air Magic
 29414 | D:14     | Reached skill level 2 in Conjurations
 29414 | D:14     | Reached skill level 2 in Air Magic
 29919 | D:14     | Found a runed translucent gate.
 29919 | D:14     | Found a runed translucent gate.
 29919 | D:14     | Found an opulent altar of Gozag.
 29919 | D:14     | Noticed Zetz's ghost (journeyman TrTm)
 29920 | D:14     | Found a runed translucent gate.
 30343 | D:14     | Noticed Frances
 30356 | D:14     | Killed Frances
 30476 | D:14     | Reached skill level 3 in Air Magic
 30571 | D:14     | Reached skill level 3 in Conjurations
 30626 | D:15     | Entered Level 15 of the Dungeon
 30637 | D:15     | Noticed Agnes
 30645 | D:15     | Killed Agnes
 30741 | D:15     | Reached XP level 17. HP: 142/142 MP: 26/30
 30796 | D:15     | Found a flickering gateway to a bazaar.
 30829 | D:15     | Reached skill level 10 in Spellcasting
 30848 | Bazaar   | Entered a bazaar
 30848 | Bazaar   | Found Coblexa's Distillery.
 30879 | Bazaar   | Found Rutwodo's Food Shoppe.
 30895 | Bazaar   | Found Visholl's Magic Scroll Shop.
 30939 | Bazaar   | Found Doemioza's Book Emporium.
 30957 | Bazaar   | Bought a potion of heal wounds for 75 gold pieces
 30957 | Bazaar   | Bought a potion of haste for 150 gold pieces
 30957 | Bazaar   | Bought a potion of haste for 150 gold pieces
 30957 | Bazaar   | Bought a potion of haste for 150 gold pieces
 30957 | Bazaar   | Bought a potion of heal wounds for 75 gold pieces
 30975 | Bazaar   | Bought a scroll of enchant armour for 90 gold pieces
 31273 | D:15     | Found a hide-covered altar of Uskayaw.
 31379 | D:15     | Got an ancient scale mail
 31390 | D:15     | Identified the +3 scale mail of Uskayaw's Condemnation
                  | {rF+++ MP-9 Int+3 Slay+2} (You found it on level 15 of the
                  | Dungeon)
 31761 | D:15     | Found a staircase to the Depths.
 31782 | D:15     | Offered knowledge of Chain Lightning by Vehumet.
 31782 | D:15     | Offered knowledge of Tornado by Vehumet.
 31782 | D:15     | Offered knowledge of Absolute Zero by Vehumet.
 31786 | D:15     | Reached skill level 4 in Conjurations
 31786 | D:15     | Reached skill level 4 in Air Magic
 31877 | D:14     | Killed Zetz's ghost
 32163 | Orc:2    | Bought a potion of haste for 110 gold pieces
 32370 | Swamp:1  | Entered Level 1 of the Swamp
 32370 | Swamp:1  | Noticed Kirke
 32376 | Swamp:1  | Killed Kirke
 33470 | Swamp:2  | Reached skill level 11 in Spellcasting
 33697 | Swamp:2  | Reached skill level 15 in Ice Magic
 34345 | Swamp:2  | Got a smoking rapier
 34346 | Swamp:2  | Identified the +7 rapier "Cenkokam" {drain, rC+ MP+9 Str+2
                  | Int-3} (You found it on level 2 of the Swamp)
 34944 | Swamp:3  | Reached skill level 14 in Polearms
 35084 | Swamp:4  | Entered Level 4 of the Swamp
 35098 | Swamp:4  | Reached skill level 12 in Spellcasting
 35114 | Swamp:4  | Reached XP level 18. HP: 48/149 MP: 32/34
 35115 | Swamp:4  | Reached skill level 16 in Ice Magic
 35120 | Swamp:4  | Identified +0 steam dragon scales
 35146 | Swamp:3  | HP: 14/149 [poisoned by a swamp dragon (blast of poison)]
 35151 | Swamp:3  | HP: 7/149 [poisoned by a swamp dragon (blast of poison)]
 35156 | Swamp:3  | HP: 5/149 [poisoned by a swamp dragon (blast of poison)]
 35161 | Swamp:3  | HP: 5/149 [poisoned by a swamp dragon (blast of poison)]
 35167 | Swamp:3  | HP: 7/149 [poisoned by a swamp dragon (blast of poison)]
 35175 | Swamp:3  | HP: 11/149 [poisoned by a swamp dragon (blast of poison)]
 35183 | Swamp:3  | HP: 14/149 [poisoned by a swamp dragon (blast of poison)]
 35427 | Swamp:4  | Identified +0 swamp dragon scales
 35437 | Swamp:3  | HP: 13/149 [poison (poison gas)]
 35441 | Swamp:3  | HP: 6/149 [poison (poison gas)]
 35749 | Swamp:4  | Identified +0 swamp dragon scales
 35792 | Swamp:4  | Reached skill level 15 in Polearms
 36483 | Swamp:4  | Got a decaying rune of Zot
 36629 | Snake:1  | Entered Level 1 of the Snake Pit
 36988 | Snake:1  | Reached skill level 17 in Ice Magic
 37325 | Snake:1  | Learned a level 9 spell: Absolute Zero
 38118 | Snake:2  | Found a radiant altar of Vehumet.
 38518 | Snake:2  | Got a pair of jewelled boots
 38587 | Snake:2  | Identified the +1 pair of boots of the Endless Expanse
                  | {*Corrode rPois MR++ SInv} (You found it on level 2 of the
                  | Snake Pit)
 38788 | Snake:3  | Got an encrusted morningstar
 38789 | Snake:3  | Identified the +6 morningstar of Accidental Termination
                  | {vorpal, *Contam rPois rF+ rN+} (You found it on level 3 of
                  | the Snake Pit)
 38892 | Snake:3  | Found a flickering gateway to a bazaar.
 38914 | Bazaar   | Entered a bazaar
 38928 | Bazaar   | Found Woucegun's Antique Armour Emporium.
 38956 | Bazaar   | Found Wafitz Dinil's Assorted Antiques.
 39040 | Bazaar   | Bought the +5 robe of Night {Dark MR+ SInv} for 1680 gold
                  | pieces
 39040 | Bazaar   | Found the +5 robe of Night {Dark MR+ SInv}
 39704 | Snake:3  | Reached skill level 18 in Ice Magic
 39985 | Snake:4  | Entered Level 4 of the Snake Pit
 40013 | Snake:4  | Noticed Aizul
 40025 | Snake:4  | Killed Aizul
 40621 | Snake:4  | Reached XP level 19. HP: 151/155 MP: 35/35
 40705 | Snake:4  | Noticed Donald
 40717 | Snake:4  | Killed Donald
 40922 | Snake:4  | Found a stormy altar of Qazlal.
 41189 | Snake:4  | Reached skill level 19 in Ice Magic
 41640 | Snake:4  | Reached skill level 20 in Ice Magic
 41929 | Snake:4  | Reached skill level 21 in Ice Magic
 41949 | Snake:4  | Got a serpentine rune of Zot
 42437 | Vaults:1 | Entered Level 1 of the Vaults
 42516 | Vaults:1 | Identified +0 acid dragon scales
 42694 | Vaults:1 | Found Kidwonek's Gadget Emporium.
 43237 | Vaults:1 | Identified +0 fire dragon scales
 43424 | Vaults:1 | Reached XP level 20. HP: 162/162 MP: 27/36
 43537 | Vaults:1 | Reached skill level 22 in Ice Magic
 44070 | Vaults:2 | HP: 16/162 [crystal guardian (9)]
 44322 | Vaults:2 | Identified +0 fire dragon scales
 44406 | Vaults:2 | Reached skill level 13 in Spellcasting
 44594 | Vaults:2 | Found a staircase to the Crypt.
 44594 | Vaults:2 | Found a basalt altar of Yredelemnul.
 44595 | Vaults:2 | Found an ancient bone altar of Kikubaaqudgha.
 44986 | Vaults:2 | Noticed Boris
 44987 | Vaults:2 | Noticed Mara
 44992 | Vaults:2 | Noticed sanka's illusion
 44992 | Vaults:2 | Killed Boris
 44994 | Vaults:2 | Killed Mara
 45220 | Vaults:2 | Reached skill level 23 in Ice Magic
 45605 | Vaults:3 | Reached skill level 14 in Spellcasting
 45820 | Vaults:3 | Reached XP level 21. HP: 168/168 MP: 39/39
 46489 | Vaults:3 | Found Ysekenut's Jewellery Shop.
 46532 | Vaults:3 | Noticed Boris
 46535 | Vaults:3 | Killed Boris
 46615 | Vaults:3 | Reached skill level 15 in Spellcasting
 46635 | Vaults:3 | Got a shimmering quarterstaff
 46636 | Vaults:3 | Identified the cursed +1 quarterstaff of the Moon {venom,
                  | rN+} (You found it on level 3 of the Vaults)
 46813 | Vaults:3 | Got a fine plate armour
 46824 | Vaults:3 | Identified the +4 plate armour of Boisex {-Tele rElec Str+2
                  | Stlth+} (You found it on level 3 of the Vaults)
 47384 | Vaults:4 | Reached skill level 24 in Ice Magic
 47854 | Vaults:4 | Reached skill level 16 in Spellcasting
 48254 | Vaults:4 | Reached skill level 17 in Spellcasting
 48377 | Vaults:4 | Paralysed by a hornet for 2 turns
 48798 | Vaults:4 | Identified +0 storm dragon scales
 48864 | Vaults:4 | Reached XP level 22. HP: 175/175 MP: 30/43
 48993 | Vaults:5 | Entered Level 5 of the Vaults
 48997 | Vaults:5 | Reached skill level 16 in Polearms
 49104 | Vaults:5 | Reached skill level 18 in Spellcasting
 49391 | Vaults:5 | Found the +6 arbalest "Damnation" {damnation}
 49639 | Vaults:5 | Reached skill level 17 in Polearms
 49648 | Vaults:5 | Identified the ring "Itawunn" {rN+ Str+4}
 49663 | Vaults:5 | Noticed a golden dragon
 49683 | Vaults:5 | HP: 8/175 [tengu reaver/bolt of lightning (21)]
 49718 | Vaults:5 | Killed a golden dragon
 49718 | Vaults:5 | Identified +0 gold dragon scales
 49850 | Vaults:5 | Identified the ring of Naluw {rC+ MP+9 Str+3}
 49942 | Vaults:5 | Identified the +3 whip of Tafamp {vorpal, rF+ MR++ Str+4
                  | Dex-2}
 50069 | Vaults:5 | Identified a scroll of acquirement
 50081 | Vaults:5 | Identified the ring "Feham" {rPois rF+ rC- MP+9 Dex+6}
 50292 | Vaults:5 | Noticed an ancient lich
 50303 | Vaults:5 | Killed an ancient lich
 50359 | Vaults:5 | Identified the +1 morningstar of Makhleb's Displeasure
                  | {venom, +Fly rN++ Int-5 SInv}
 50367 | Vaults:5 | Reached XP level 23. HP: 160/181 MP: 45/45
 50442 | Vaults:5 | Reached skill level 18 in Polearms
 50754 | Vaults:5 | Reached skill level 19 in Spellcasting
 50866 | Vaults:5 | Identified +0 shadow dragon scales
 51385 | Vaults:5 | Noticed an ancient lich
 51388 | Vaults:5 | Killed an ancient lich
 51574 | Vaults:5 | Found Ettydaq's Food Boutique.
 51588 | Vaults:5 | Got a silver rune of Zot
 51928 | Vaults:5 | Got a faintly humming chain mail
 51939 | Vaults:5 | Identified the +5 chain mail of Honesty {rPois} (You found
                  | it on level 5 of the Vaults)
 51993 | Vaults:5 | Identified the Incunabulum of Excruciating Hexes
 52984 | Depths:1 | Entered Level 1 of the Depths
 53243 | Depths:1 | Reached skill level 19 in Polearms
 53405 | Depths:1 | Noticed the Enchantress
 53408 | Depths:1 | Killed the Enchantress
 54065 | Depths:1 | Found a gateway to Hell.
 54847 | Depths:4 | HP: 16/181 [ice dragon/blast of cold (19)]
 54848 | Depths:5 | Entered Level 5 of the Depths
 54853 | Depths:5 | Reached XP level 24. HP: 19/188 MP: 43/46
 54902 | Depths:5 | Identified +0 ice dragon scales
 54923 | Depths:5 | Gained mutation: Your magical capacity is low. (-10% MP)
                  | [mutagenic glow]
 54963 | Depths:5 | Gained mutation: You are occasionally teleported next to
                  | monsters. [mutagenic glow]
 55007 | Depths:5 | Gained mutation: Your magical capacity is very low. (-20%
                  | MP) [mutagenic glow]
 55015 | Depths:5 | HP: 9/188 [juggernaut zombie (51)]
 55016 | Depths:5 | HP: 2/188 [entropy weaver (7)]
 55017 | Depths:5 | Killed from afar by a spriggan air mage

Vanquished Creatures
  2 ancient liches (Vaults:5)
  Mara (Vaults:2)
  Boris (twice) (Vaults:2 Vaults:3)
  A golden dragon (Vaults:5)
  the Enchantress (Depths:1)
  A lich (Depths:2)
  Jorgrun (D:14)
  Rupert (Lair:3)
  3 tentacled monstrosities (Vaults:5)
  3 titans (Vaults:5)
  A quicksilver dragon (Vaults:5)
  3 sphinxes
  Gastronok (D:10)
  Frances (D:14)
  Kirke (Swamp:1)
  Agnes (D:15)
  2 storm dragons
  4 shadow dragons (Vaults:5)
  2 thorn hunters (Swamp:4)
  6 tengu reavers (Vaults:5)
  Donald (Snake:4)
  4 frost giants
  4 fire giants
  6 nagarajas (Snake:4)
  An iron dragon (Vaults:5)
  Aizul (Snake:4)
  A deep elf sorcerer (Vaults:5)
  A juggernaut zombie (Depths:5)
  15 vault wardens
  A deep elf elementalist (Vaults:5)
  14 ironheart preservers
  The ghost of Zetz the Grappler, a journeyman TrTm of Cheibriados (D:14)
  8 very ugly things
  12 stone giants
  3 spriggan defenders (Depths:1)
  A vampire knight (Depths:2)
  An entropy weaver (Vaults:1)
  A war gargoyle (Vaults:5)
  Azrael (D:14)
  4 deep elf annihilators
  A deep elf demonologist (Vaults:1)
  3 deep elf death magi
  A crystal guardian (Vaults:2)
  9 ettins
  8 fire dragons
  4 great orbs of eyes
  9 yaktaur captains
  18 ogre magi
  Josephine (Orc:2)
  Harold (D:9)
  A deep elf high priest (Vaults:5)
  A rakshasa (Depths:1)
  5 ice dragons
  33 vault guards
  10 naga warriors
  A catoblepas (D:14)
  A hydra (shapeshifter) (Vaults:5)
  13 hydras
  A shambling mangrove (Swamp:4)
  A catoblepas (shapeshifter) (Vaults:4)
  A merfolk avatar (Lair:6)
  2 death knights
  3 spriggan air magi
  22 anacondas
  A death yak (shapeshifter) (Vaults:4)
  3 deep troll shamans
  15 alligators
  13 centaur warriors
  5 death yaks (Lair:6)
  54 two-headed ogres
  A tengu warrior (Depths:1)
  7 deep troll earth magi
  A hell knight (Depths:5)
  6 shock serpents
  4 orc high priests (Orc:2)
  17 naga sharpshooters
  A spriggan berserker (Depths:5)
  5 salamander mystics
  10 skeletal warriors
  8 deep elf knights
  4 spriggans
  2 fire crabs (Swamp:4)
  3 iron trolls (Depths:1)
  5 unseen horrors
  A sea snake (Lair:6)
  3 flayed ghosts
  13 deep trolls
  2 glowing orange brains
  A spriggan druid (Swamp:4)
  16 ironbrand convokers
  2 naga ritualists
  2 deep elf archers
  Pikel (D:8)
  9 swamp dragons
  5 lindwurms
  4 necromancers
  8 wizards
  2 tengu zombies
  5 phantasmal warriors
  A wolf spider zombie (D:15)
  2 harpies (Lair:6)
  12 orc knights
  A mana viper (shapeshifter) (D:14)
  4 wolf spiders
  6 orc sorcerers
  12 mana vipers
  10 cyclopes
  A faun (shapeshifter) (D:14)
  13 ugly things
  A fire giant zombie (Vaults:5)
  A cyclops (shapeshifter) (Vaults:5)
  11 deep elf magi
  A moth of wrath (shapeshifter) (D:13)
  7 salamanders
  Maurice (D:9)
  3 manticores
  A shining eye (shapeshifter) (Vaults:3)
  9 guardian serpents
  5 centaur zombies
  9 vault sentinels
  2 guardian serpents (shapeshifter) (Vaults:5)
  A frost giant skeleton (Vaults:4)
  21 black mambas
  7 elephants
  6 centaur skeletons
  Psyche (D:9)
  17 naga magi
  4 human skeletons
  17 spiny frogs
  2 gargoyles
  7 rime drakes
  An elf zombie (Vaults:5)
  An efreet (D:14)
  An elf (Vaults:3)
  10 komodo dragons
  7 freezing wraiths
  A kobold demonologist (D:14)
  2 tengu conjurers
  35 yaktaurs
  An entropy weaver simulacrum (Vaults:3)
  A meliai (shapeshifter) (Vaults:1)
  A tengu simulacrum (Vaults:3)
  A queen bee (shapeshifter) (Vaults:2)
  A jumping spider (shapeshifter) (Vaults:5)
  5 polar bears
  A wind drake (Lair:6)
  10 tyrant leeches
  Prince Ribbit (D:6)
  8 trolls
  11 hornets
  Grinder (D:3)
  2 human simulacra
  53 slime creatures
  A blink frog (shapeshifter) (Vaults:2)
  A meliai zombie (D:14)
  7 dream sheep (Lair:6)
  16 blink frogs
  5 bog bodies
  An ettin zombie (Vaults:5)
  15 hippogriffs
  A stone giant simulacrum (Vaults:4)
  A redback (Vaults:1)
  2 shadows (D:13)
  47 yaks
  A tarantella (shapeshifter) (D:15)
  4 wraiths (Orc:2)
  2 vampires
  9 wyverns
  4 hogs (Swamp:1)
  2 water elementals
  2 fire elementals (D:14)
  A human (Vaults:3)
  A hungry ghost (D:10)
  2 basilisks
  A golden eye (shapeshifter) (Vaults:3)
  Menkaure (D:7)
  4 steam dragons
  12 vampire mosquitoes
  40 nagas
  4 wargs
  15 swamp worms
  5 insubstantial wisps (Swamp:3)
  2 acid dragons
  10 water moccasins
  5 hell hounds (D:14)
  7 porcupines
  A hornet zombie (D:15)
  5 ice beasts
  5 phantoms
  2 slaves (D:8)
  58 ogres
  11 swamp drakes
  34 orc warriors
  5 sky beasts
  4 black bears
  3 eyes of draining
  An eye of draining (shapeshifter) (Depths:5)
  11 centaurs
  18 boggarts
  23 wolves
  11 crocodiles
  A crocodile (shapeshifter) (Vaults:5)
  8 big kobolds
  18 bullfrogs
  2 wyvern zombies
  A wyvern skeleton (D:14)
  Dowan (D:7)
  14 killer bees
  4 scorpions
  3 wights
  A killer bee (shapeshifter) (Vaults:5)
  7 howler monkeys
  3 electric eels (Lair:2)
  A lava snake (Swamp:4)
  A bullfrog zombie (D:11)
  8 crimson imps
  10 hounds
  7 jellies
  4 bullfrog skeletons
  22 orc priests
  Ijyb (D:3)
  An iguana (D:6)
  28 orc wizards
  Terence (D:3)
  7 hell rats (Lair:3)
  13 worker ants
  2 hound skeletons
  6 mummies (Ossuary)
  A worker ant zombie (D:7)
  9 adders
  4 shadow imps
  2 oozes
  An adder zombie (D:6)
  An adder skeleton (D:9)
  6 worms
  A dart slug (D:1)
  4 leopard geckos
  133 orcs
  3 ball pythons
  15 bats
  5 giant cockroaches
  2 gnoll zombies (Ossuary)
  8 hobgoblins
  8 jackals
  5 quokkas
  5 frilled lizards
  12 goblins
  3 hobgoblin zombies (Ossuary)
  34 kobolds
  3 kobold zombies (Ossuary)
  A quokka skeleton (D:5)
  7 rats
  16 briar patches (Swamp:4)
  A butterfly (Lair:5)
  2 plants (D:14)
1749 creatures vanquished.

Vanquished Creatures (collateral kills)
  Louise (D:14)
  A vault warden (Vaults:5)
  2 hydras
  A death knight (Vaults:5)
  A swamp dragon (Lair:5)
  A necromancer (Depths:5)
  A phantasmal warrior (Depths:5)
  A black mamba (Lair:5)
  A spiny frog (Lair:6)
  A rime drake (Lair:6)
  A hornet (Lair:6)
  A hippogriff (D:10)
  2 yaks (D:9)
  A basilisk (Lair:5)
  Duvessa (D:7)
  An ice beast (D:9)
  A boggart (Depths:5)
  A wight (D:10)
  An orc wizard (D:8)
  2 mummies (Ossuary)
  A shadow imp (D:11)
24 creatures vanquished.

Vanquished Creatures (others)
  A hydra (Swamp:4)
  An ogre mage (Vaults:4)
  4 swamp drakes (Swamp:4)
  An orc priest (Orc:2)
  An orc wizard (Orc:1)
  10 blocks of ice
  9 fungi
  10 plants
  10 spectral weapons
47 creatures vanquished.

Grand Total: 1820 creatures vanquished
